 Dungeon Crawl Stone Soup version 0.28-a0-1520-gc3277d3759 (webtiles) character file.

Game seed: 8808164698026172221

15 esteth the Skirmisher (level 2, -14/27 HPs)
             Began as a Hill Orc Fighter on Jan 17, 2022.
             Engulfed by a cloud of flame (18 damage)
             ... on level 1 of the Dungeon.
             The game lasted 00:01:08 (493 turns).

esteth the Skirmisher (Hill Orc Fighter)             Turns: 493, Time: 00:01:09

Health: -14/27     AC: 10    Str: 18    XL:     2   Next: 50%
Magic:  2/2        EV:  9    Int:  8    God:
Gold:   21         SH:  4    Dex: 10    Spells: 1/1 levels left

rFire   . . .      SeeInvis .   a - +0 war axe
rCold   . . .      Faith    .   c - +0 buckler
rNeg    . . .      Spirit   .   b - +0 scale mail
rPois   .          Reflect  .   (no helmet)
rElec   .          Harm     .   (no cloak)
rCorr   .          Rampage  .   (no gloves)
Will    .....                   (no boots)
Stlth   ..........              (no amulet)
HPRegen 0.09/turn               f - +4 ring of protection
MPRegen 0.08/turn               (no ring)

@: flying
A: no striking features
a: no special abilities


You were on level 1 of the Dungeon.
You visited 1 branch of the dungeon, and saw 1 of its levels.

You collected 21 gold pieces.

Inventory:

Hand Weapons
 a - a +0 war axe (weapon)
Armour
 b - a +0 scale mail (worn)
 c - a +0 buckler (worn)
Jewellery
 e - a ring of ice
 f - a +4 ring of protection (left hand)
Potions
 d - a potion of might
 g - 2 potions of flight


   Skills:
 + Level 4.0 Fighting
 + Level 3.2 Axes
 - Level 3.2 Armour
 + Level 3.5 Shields


You had one spell level left.
You didn't know any spells.
Your spell library was empty.

Dungeon Overview and Level Annotations

Branches:
Dungeon (1/15)

Altars:


Message History

The bat is severely wounded.
The bat hits you but does no damage. x3
You hit the bat.
You kill the bat!
No target in view!
A quokka comes into view.
The quokka barely misses you.
You closely miss the quokka. The quokka bites you.
You hit the quokka but do no damage.
The quokka bites you but does no damage.
You block the quokka's attack.
You closely miss the quokka. The quokka closely misses you. x2
You hit the quokka.
You kill the quokka!
No target in view!
No target in view!
You see here a quokka corpse.
You open the door.
There is an open door here.
There is an open door here.
You open the door.
There is an open door here.
g - 3 smoky ruby potions (gained 2)
You open the door.
There is an open door here.
Found 14 stones, a flail and a pair of gloves.
A quokka comes into view.
The quokka is engulfed in blazing flames.
The quokka dies!
Really walk into a travel-excluded area?
Found 17 stones.
You are engulfed in blazing flames.
You are engulfed in blazing flames.
Ouch! That really hurt!
* * * LOW HITPOINT WARNING * * *
It was a potion of flight.
You feel very buoyant.
You fly up into the air.
You are engulfed in blazing flames.
Ouch! That really hurt!
You die...

#......(.... #.§§#
#...........
#####...#####...........
.§§☼..(..☼§..####.......
§§.[)/..§§..###.......
§...(.§§.............
#...######...###..## #°§§#
##...####.## #☼§@#
#........... #☼§§#
#.....####..
#...#####.....+.....
#.............###...
.........##########.......
########.# #........##...
#.# #........##... #.#
#........##... #.#
#........#####


There were no monsters in sight!

Vanquished Creatures
  An endoplasm (D:1)
  A goblin (D:1)
  3 jackals (D:1)
  2 kobolds (D:1)
  A quokka (D:1)
  3 bats (D:1)
  A frilled lizard (D:1)
  2 rats (D:1)
14 creatures vanquished.

Vanquished Creatures (others)
  A quokka (D:1)
1 creature vanquished.

Grand Total: 15 creatures vanquished

Notes
Turn   | Place    | Note
-------+----------+-------------------------------------------
     0 | D:1      | esteth the Hill Orc Fighter began the quest for the Orb.
     0 | D:1      | Reached XP level 1. HP: 19/19 MP: 1/1
   286 | D:1      | Reached XP level 2. HP: 27/27 MP: 2/2
   346 | D:1      | Reached skill level 4 in Fighting
   493 | D:1      | Engulfed by a cloud of flame

Illustrated notes

Levels and vault maps discovered:
D:1:      nicolae_arrival_memento_mori, layout_basic, lemuel_flame_loot_1

Skill      XL: |  1  2 |
---------------+-------+-----
Axes           | 3 |  3.2
Fighting       | 4 |  4.0
Armour         | |  3.2
Shields        | |  3.5

Action                   || total
-------------------------++-------
Melee: War axe           ||    46
  Use: Potion            ||     1
Armor: Scale mail        ||    37
Dodge: Dodged            ||    24
Block: Buckler           ||     8

Table legend: (Time is in decaauts)
 A = Elapsed time spent in this place.
 B = Non-inter-level travel time spent in this place.
 C = Inter-level travel time spent in this place.
 D = Time resting spent in this place.
 E = Time spent auto-exploring this place.
 F = Levels seen in this place.
 G = Mean time per level.
                   A        B        C        D        E       F      G
               +--------+--------+--------+--------+--------+-----+--------+
         Total |    510 |    510 |      0 |      0 |    392 |   1 |  510.0 |
       Dungeon |    510 |    510 |      0 |      0 |    392 |   1 |  510.0 |
               +--------+--------+--------+--------+--------+-----+--------+

Top non-repeatable levels by time:
     D:1: 510 daAuts
